AoeStats
← Xx_KeVIN_zZ

Black Forest

508530079Analyzed
4v4 RM · 24d ago on Sep 22, 2026· 127m 39s· 8 players
Game mode
Random Map
Map size
Large (8 player)
Population
200
Speed
Normal
Resources
Standard
Victory
Conquest
Starting age
Dark Age
Ending age
Imperial Age
RankedLock teamsTeams togetherTeam positionsShared explorationLock speedFull tech treeHidden civsTurbo modeCheats
Victory
Defeat
🇵🇪 Persians · Peru
1238
+15
🇦🇷 Vietnamese · Argentina
1211
+17
🇩🇪 Koreans · Germany
1186
+18
🇺🇸 Britons · United States
1159
+19
vs
🇨🇴 Persians · Colombia
1262
-20
🇲🇽 Teutons · Mexico
1230
-17
🇺🇸 Inca · United States
1224
-17
🇺🇸 Magyars · United States
1171
-15
Shotzsik
5:14 Loom
9:22 Feudal Age
13:16 Double-Bit Axe
20:28 Wheelbarrow
19:40 Town Watch
25:37 Gold Mining
25:42 Stone Mining
31:02 Castle Age
30:15 Fletching
31:56 Horse Collar
32:28 Bow Saw
32:58 Gold Shaft Mining
32:59 Stone Shaft Mining
32:28 Bodkin Arrow
32:36 Guard Tower
33:44 Masonry
35:01 Ballistics
34:23 Treadmill Crane
34:39 Murder Holes
35:08 Fortified Wall
36:53 Heavy Plow
41:33 Hand Cart
41:23 Padded Archer Armor
41:26 Scale Mail Armor
41:37 Forging
43:06 Chain Mail Armor
44:32 Squires
44:18 Arson
45:15 Iron Casting
48:17 Imperial Age
45:52 Pikeman
45:54 Champi Runner
47:33 Champi Warrior
49:32 Plate Mail Armor
50:03 Blast Furnace
48:40 Halberdier
48:48 Elite Champi Warrior
50:01 Conscription
50:34 Crop Rotation
50:20 Bracer
52:38 Fabric Shields
53:18 Keep
52:29 Arrowslits
53:45 Chemistry
52:51 Siege Engineers
63:52 Sappers
64:59 Hoardings
64:29 Andean Sling
64:31 Padded Archer Armor
76:04 Guilds
87:55 Onager
88:30 Heavy Scorpion
89:57 Capped Ram
91:56 Caravan
112:11 Siege Ram
Flave Tycoon
12:41 Feudal Age
13:51 Double-Bit Axe
23:09 Castle Age
22:53 Bloodlines
23:45 Scale Barding Armor
24:07 Light Cavalry
28:43 Chain Barding Armor
28:16 Fletching
30:22 Wheelbarrow
29:35 Loom
29:49 Bodkin Arrow
29:45 Town Watch
32:12 Bow Saw
34:33 Hand Cart
37:10 Imperial Age
35:54 Ballistics
37:42 Husbandry
37:55 Bracer
37:56 Padded Archer Armor
37:24 Heavy Cavalry Archer
38:29 Thumb Ring
40:11 Conscription
39:56 Corvinian Army
39:56 Recurve Bow
41:53 Chemistry
41:31 Plate Barding Armor
41:12 Leather Archer Armor
41:22 Elite Magyar Huszar
43:09 Caravan
45:05 Parthian Tactics
50:27 Ring Archer Armor
49:39 Horse Collar
70:02 Cavalier
72:04 Paladin
72:27 Hussar
Caronte
1:04 Loom
10:17 Feudal Age
12:19 Fletching
14:26 Town Watch
27:31 Castle Age
26:16 Double-Bit Axe
26:43 Horse Collar
33:44 Gold Mining
35:13 Wheelbarrow
36:46 Bow Saw
37:38 Stone Mining
38:40 Heavy Plow
39:15 Forging
39:05 Scale Mail Armor
39:34 Hand Cart
43:07 Imperial Age
41:03 Ballistics
41:42 Stone Shaft Mining
42:02 Iron Casting
41:27 Scale Mail Armor
41:41 Caravan
44:56 Chemistry
44:17 Ballistics
44:14 Bloodlines
44:46 Hoardings
44:46 Conscription
45:44 Two-Man Saw
45:01 Elite Teutonic Knight
45:38 Onager
48:27 Cavalier
50:59 Siege Onager
57:28 Heavy Scorpion
Xx_KeVIN_zZ
11:26 Feudal Age
15:01 Castle Age
13:28 Double-Bit Axe
15:43 Horse Collar
25:58 Scale Barding Armor
31:10 Imperial Age
29:26 Wheelbarrow
29:33 Forging
29:43 Chain Barding Armor
29:59 Bow Saw
29:51 Heavy Plow
29:46 Gold Mining
29:46 Stone Mining
30:13 Husbandry
31:30 Iron Casting
31:03 Cavalier
32:20 Bloodlines
33:29 Two-Man Saw
32:34 Savar
36:00 Chemistry
36:32 Blast Furnace
36:10 Plate Barding Armor
35:37 Onager
35:43 Capped Ram
40:36 Siege Ram
45:31 Light Cavalry
46:24 Fletching
46:37 Padded Archer Armor
51:17 Leather Archer Armor
51:00 Bodkin Arrow
51:05 Scale Mail Armor
50:51 Hussar
52:16 Guilds
52:36 Coinage
52:09 Caravan
86:49 Town Watch
87:20 Hand Cart
86:50 Loom
Sun Tzu
0:26 Loom
12:21 Feudal Age
32:59 Castle Age
31:44 Fletching
31:42 Double-Bit Axe
35:55 Bodkin Arrow
44:18 Horse Collar
44:58 Padded Archer Armor
47:06 Wheelbarrow
48:10 Leather Archer Armor
52:31 Imperial Age
51:15 Hand Cart
53:43 Bracer
57:48 Chemistry
58:44 Gold Mining
60:29 Ballistics
60:42 Ring Archer Armor
59:58 Crossbowman
60:44 Arbalester
65:00 Elite Skirmisher
76:11 Bow Saw
85:31 Squires
85:58 Pikeman
86:42 Halberdier
90:17 Arson
95:15 Scale Mail Armor
95:37 Forging
97:25 Husbandry
97:01 Light Cavalry
98:12 Scale Barding Armor
101:06 Iron Casting
101:16 Husbandry
101:28 Heavy Plow
102:16 Chain Barding Armor
107:12 Blast Furnace
111:48 Masonry
111:44 Siege Engineers
113:10 Chain Barding Armor
115:57 Guilds
119:49 Cavalier
125:46 Chain Mail Armor
zLIFE
5:14 Loom
12:45 Feudal Age
13:52 Double-Bit Axe
16:34 Castle Age
15:20 Gold Mining
16:17 Horse Collar
25:34 Wheelbarrow
26:28 Heavy Plow
26:39 Stone Mining
26:41 Town Watch
29:10 Bow Saw
30:46 Hand Cart
32:03 Gold Shaft Mining
32:12 Stone Shaft Mining
36:07 Imperial Age
34:12 Squires
33:32 Pikeman
34:28 Forging
34:19 Scale Mail Armor
35:32 Masonry
35:18 Murder Holes
35:49 Ballistics
35:10 Treadmill Crane
38:12 Chemistry
37:43 Architecture
37:00 Arrowslits
38:19 Two-Man Saw
37:03 Halberdier
38:23 Iron Casting
38:03 Chain Mail Armor
37:40 Fletching
38:39 Heavy Rocket Cart
39:30 Eupseong
39:51 Conscription
40:56 Plate Mail Armor
40:52 Shinkichon
42:05 Town Patrol
42:49 Caravan
45:00 Man-at-Arms
45:25 Arson
48:01 Long Swordsman
48:40 Bodkin Arrow
63:48 Two-Handed Swordsman
65:00 Champion
74:24 Fortified Wall
74:22 Siege Engineers
74:09 Heated Shot
80:33 Bracer
85:29 Elite Fire Lancer
90:02 Elite Skirmisher
90:48 Thumb Ring
91:00 Imperial Skirmisher
102:26 Crossbowman
122:53 Arbalester
Peru_Rush
11:24 Feudal Age
11:33 Loom
11:44 Double-Bit Axe
11:48 Horse Collar
12:56 Gold Mining
17:28 Bloodlines
19:06 Wheelbarrow
18:40 Stone Mining
19:00 Scale Barding Armor
21:18 Forging
25:22 Castle Age
26:16 Bow Saw
26:08 Heavy Plow
26:44 Gold Shaft Mining
26:46 Stone Shaft Mining
26:34 Chain Barding Armor
27:44 Hand Cart
32:52 Imperial Age
31:46 Iron Casting
32:31 Cavalier
33:13 Husbandry
33:50 Plate Barding Armor
34:17 Blast Furnace
34:26 Pikeman
36:16 Conscription
40:29 Two-Man Saw
40:01 Crop Rotation
39:20 Halberdier
39:48 Gambesons
40:05 Squires
39:52 Arson
40:16 Scale Mail Armor
41:45 Chain Mail Armor
43:25 Plate Mail Armor
43:12 Elite War Elephant
44:26 Town Watch
45:32 Caravan
53:30 Fletching
53:47 Kamandaran
62:46 Crossbowman
63:35 Thumb Ring
63:27 Bodkin Arrow
63:33 Padded Archer Armor
65:17 Leather Archer Armor
66:06 Chemistry
65:32 Savar
68:19 Ring Archer Armor
68:12 Ballistics
73:58 Coinage
73:38 Guilds
73:23 Light Cavalry
76:58 Capped Ram
83:11 Hussar
85:25 Elite Skirmisher
101:52 Banking
111:29 Town Patrol
okHadi
1:48 Loom
12:28 Feudal Age
31:07 Castle Age
29:32 Double-Bit Axe
30:54 Fletching
31:26 Crossbowman
33:57 Bodkin Arrow
34:37 Fortified Wall
35:33 Wheelbarrow
35:05 Padded Archer Armor
35:53 Horse Collar
36:31 Leather Archer Armor
36:56 Ballistics
39:21 Thumb Ring
44:00 Imperial Age
44:01 Arbalester
44:51 Bracer
46:01 Chemistry
45:33 Gold Mining
50:45 Paper Money
65:02 Capped Ram
79:18 Forging
79:13 Scale Barding Armor
80:34 Light Cavalry
82:37 Bloodlines
84:18 Chain Barding Armor
85:15 Iron Casting
84:46 Husbandry
87:00 Plate Barding Armor
87:22 Elite Skirmisher
89:36 Imperial Skirmisher
91:46 Bow Saw
91:40 Heavy Plow
95:28 Hand Cart
96:37 Pikeman
97:54 Ring Archer Armor
97:30 Halberdier
98:57 Squires
100:50 Caravan
104:42 Scale Mail Armor
108:37 Arson
109:43 Chain Mail Armor
112:36 Plate Mail Armor
113:57 Elite Fire Lancer
124:16 Onager
Connection lost

Rejoining the realm…

Still unreachable

The connection could not be restored.

Session expired

The server has moved on; the page needs a fresh start.